 Dungeon Sprint DCSS version 0.22-a0-110-g5b255cf (webtiles) character file.

584 theanonym the Cleaver (level 7, -14/112 HPs)
             Began as a Deep Dwarf Fighter on Jan 27, 2018.
             Demolished by a tyrant leech (26 damage)
             ... in the Dungeon (Sprint II: "The Violet Keep of Menkaure").
             The game lasted 00:03:45 (208 turns).

theanonym the Cleaver (Deep Dwarf Fighter)           Turns: 208, Time: 00:03:46

Health: -14/112    AC: 14    Str: 26    XL:     7   Next: 14%
Magic:  7/7        EV:  6    Int:  9    God:
Gold:   42         SH: 11    Dex: 12    Spells: 6/6 levels left

rFire    . . .     SeeInvis .   a - +1 war axe
rCold    . . .     Gourm    .   c - +0 shield
rNeg     . . .     Faith    .   g - +0 plate armour {18}
rPois    .         Spirit   .   (no helmet)
rElec    .         Reflect  .   l - +0 cloak
rCorr    .         Harm     .   (no gloves)
MR       +....     NoTele   +   (no boots)
Stlth    ..........             (no amulet)
HPRegen  0.00/turn              (no ring)
MPRegen  0.10/turn              (no ring)

@: berserking, non-regenerating, hasted, very quick
A: damage resistance, heal wounds, sense surroundings 1, no regeneration
a: Heal Wounds


Innate Abilities, Weirdness & Mutations

You are resistant to damage.
You can heal yourself by infusing magical energy.
You passively map a small area around you.
You do not regenerate.


   Skills:
 * Level 8.7 Fighting
 * Level 10.0 Axes
 + Level 7.6 Armour
 + Level 7.6 Shields


You had 6 spell levels left.
You didn't know any spells.

Skill      XL: |  1  2  3  4  5  6  7 |
---------------+----------------------+-----
Fighting       | 4 5 8 |  8.7
Axes           | 5 6 9 10 | 10.0
Armour         | 4 5 7 |  7.6
Shields        | 4 5 7 |  7.6

Action                   |  1- 3 |  4- 6 |  7- 9 || total
-------------------------+-------+-------+-------++-------
Melee: War axe           |    22 |    20 |    21 ||    63
 Abil: Heal Wounds       |     2 |     1 |     1 ||     4
  Use: Potion            |       |       |     2 ||     2
       Scroll            |       |       |     1 ||     1
Armor: Scale mail        |     2 |     2 |     1 ||     5
       Plate armour      |       |       |     7 ||     7
Dodge: Dodged            |     2 |     4 |     3 ||     9
Block: Shield            |     9 |     4 |    10 ||    23

Inventory:

Hand Weapons
 a - a +1 war axe (weapon)
Armour
 c - a +0 shield (worn)
 g - a +0 plate armour (worn) {18}
   (You bought it in a shop in the Dungeon)
 k - a +0 scale mail {10}
 l - a +0 cloak (worn)
   (You bought it in a shop in the Dungeon)
Scrolls
 b - a scroll of blinking
Potions
 d - a potion of might
 i - 2 potions of magic
 q - a potion of heal wounds
 w - a potion of curing
Comestibles
 e - a ration
 f - 8 chunks of flesh You were in the Dungeon. You were not hungry. You visited 1 branch You collected 729 gold pieces. You spent 687 gold pieces at shops.

Dungeon Overview and Level Annotations

Branches:
Dungeon (1/1)

Altars:

Shops:
D =(:?%[[!!=::?}*=

Annotations:
D exclusion: oklob plant

..∩.∩.∩.#≈##.###'###.##..# ,+,
...∩.∩..#≈#..###.##...#..# ,
....⌠...'≈'##††.<.'.##'..#*
........#≈#..###.####.#..§.# ,
▓▓▓▓▓▓###≈##.###+###.##......≈
({h######≈≈####.
.####≈≈....§≈# ({h#H ,##≈≈≈#..
..# ≈≈§§§≈..≈# ∩Ph+$
+*#'#≈##w#w# §≈≈≈≈≈.≈# !.. ?
#.#≈≈##@##≈≈≈§§≈≈≈≈≈≈# $. *
####≈≈≈≈≈≈≈≈≈≈≈§§§≈≈≈ *,
,#+++#+++#≈≈≈ ≈ ≈ , ≈
#S§§S≈§≈# ≈ * ≈ + , §S≈§§§≈≈≈*
, + §§§§§≈§§§≈+ ≈ + ≈ ≈
#§§§§§§≈§≈## ##§§§§§§§## *
##+####


You could see 2 tyrant leeches and a lava snake.

Notes
Turn   | Place    | Note
-------+----------+-------------------------------------------
     0 | D        | theanonym the Deep Dwarf Fighter began the quest for the Orb.
     0 | D        | Reached XP level 1. HP: 20/20 MP: 1/1
     9 | D        | HP: 6/20 [worm (7)]
     9 | D        | Killed a crocodile
    12 | D        | Reached skill level 3 in Fighting
    19 | D        | Reached skill level 3 in Axes
    25 | D        | Noticed Menkaure
    29 | D        | Killed Menkaure
    29 | D        | Reached skill level 4 in Fighting
    29 | D        | Reached skill level 5 in Axes
    29 | D        | Reached skill level 4 in Armour
    29 | D        | Reached skill level 4 in Shields
    29 | D        | Reached XP level 2. HP: 19/31 MP: 2/2
    29 | D        | Reached XP level 3. HP: 22/37 MP: 3/3
    47 | D        | Noticed a crocodile
    54 | D        | Killed a crocodile
    54 | D        | Reached skill level 5 in Fighting
    54 | D        | Reached skill level 6 in Axes
    54 | D        | Reached skill level 5 in Armour
    54 | D        | Reached skill level 5 in Shields
    54 | D        | Reached XP level 4. HP: 48/48 MP: 4/4
    57 | D        | Noticed an obsidian statue
    58 | D        | Noticed a merfolk siren
    70 | D        | Killed a merfolk siren
    70 | D        | Reached skill level 8 in Fighting
    70 | D        | Reached skill level 9 in Axes
    70 | D        | Reached skill level 7 in Armour
    70 | D        | Reached skill level 7 in Shields
    70 | D        | Reached XP level 5. HP: 32/58 MP: 5/5
    70 | D        | Reached XP level 6. HP: 37/67 MP: 6/6
    93 | D        | Reached XP level 7. HP: 69/75 MP: 7/7
   110 | D        | Found Pexkadog's Gadget Shop.
   110 | D        | Found Cytwub's Jewellery Boutique.
   110 | D        | Found Boxkasm's Jewellery Shop.
   110 | D        | Found Jallecenk's Book Boutique.
   110 | D        | Found Meurusm's Magic Scroll Boutique.
   110 | D        | Found Jaseff's Assorted Antiques.
   111 | D        | Found Cysoesm's Book Shop.
   111 | D        | Found Bofoter's Distillery.
   111 | D        | Found Oledenes's Distillery.
   112 | D        | Found Ciudirec's Antique Armour Shop.
   112 | D        | Found Qiyko's Antique Armour Boutique.
   114 | D        | Found Cusiukem's Food Boutique.
   114 | D        | Found Tewnuv's Magic Scroll Shop.
   114 | D        | Noticed an oklob plant
   115 | D        | Found Nuekhleoj's Antique Weapon Shop.
   115 | D        | Found Wisypocre's Jewellery Boutique.
   115 | D        | Found Vaeck's Book Shoppe.
   123 | D        | Noticed a manticore
   133 | D        | Bought a plate armour for 575 gold pieces
   133 | D        | Bought a cloak for 112 gold pieces
   180 | D        | Reached skill level 10 in Axes
   198 | D        | Noticed a tyrant leech
   199 | D        | Noticed a tyrant leech
   205 | D        | HP: 35/112 [tyrant leech (22)]
   207 | D        | HP: 12/112 [tyrant leech (23)]
   208 | D        | Demolished by a tyrant leech

Vanquished Creatures
  A merfolk siren (D)
  Menkaure (D)
  A crocodile (D)
  4 worker ants (D)
  A hell rat (D)
  3 worms (D)
11 creatures vanquished.

Vanquished Creatures (others)
  A crocodile (D)
1 creature vanquished.

Grand Total: 12 creatures vanquished

Table legend:
 A = Turns spent in this place as a percentage of turns spent in the entire game.
 B = Non-inter-level travel turns spent in this place as a percentage of non-inter-level travel turns spent in the entire game.
 C = Inter-level travel turns spent in this place as a percentage of turns spent in this place.
 D = Turns resting spent in this place as a percentage of non-inter-level travel turns spent in this place.
 E = Turns spent auto-exploring this place as a percentage of non-inter-level travel turns spent in this place.
 F = Non-inter-level travel turns spent in this place divided by the number of levels of this place that you've seen.
                   A       B       C       D       E      F
               +-------+-------+-------+-------+-------+----------------------
         Total | 100.0 | 100.0 |   0.0 |   0.0 |   7.7 | 208.0
       Dungeon | 100.0 | 100.0 |   0.0 |   0.0 |   7.7 | 208.0
               +-------+-------+-------+-------+-------+----------------------
